 Dungeon Crawl Stone Soup version 0.25.0-26-g0c896c7088 (webtiles) character file.

Game seed: 8908666758453761656

310 protoss039 the Sneak (level 6, -1/33 HPs)
             Began as a Vampire Enchanter on July 3, 2020.
             Slain by an orc
             ... wielding a +0 short sword
              (7 damage)
             ... on level 4 of the Dungeon.
             The game lasted 00:17:29 (3805 turns).

protoss039 the Sneak (Vampire Enchanter)            Turns: 3805, Time: 00:17:29

Health: -1/33      AC:  2    Str:  7    XL:     6   Next: 17%
Magic:  0/10       EV: 13    Int: 17    God:
Gold:   175        SH:  0    Dex: 17    Spells: 5/11 levels left

rFire    . . .     SeeInvis +   a - +1 dagger
rCold    + + .     Gourm    .   (no shield)
rNeg     + + +     Faith    .   b - +0 robe
rPois    ∞         Spirit   .   (no helmet)
rElec    .         Reflect  .   (no cloak)
rCorr    .         Harm     .   (no gloves)
MR       .....                  (no boots)
Stlth    ++++++....             (no amulet)
HPRegen  0.00/turn              (no ring)
MPRegen  0.12/turn              (no ring)

@: bloodless
A: no food, fangs 3, see invisible, unbreathing
a: Bat Form, Revivify


You were on level 4 of the Dungeon.
You were bloodless.

You visited 1 branch of the dungeon, and saw 4 of its levels.

You collected 175 gold pieces.

Inventory:

Hand Weapons
 a - a +1 dagger (weapon)
Armour
 b - a +0 robe (worn)
Jewellery
 q - a +6 ring of strength {unknown}
Scrolls
 d - 2 scrolls of magic mapping
 e - 8 scrolls of teleportation
 f - 2 scrolls of enchant weapon
 j - 2 scrolls of amnesia {unknown}
 p - 2 scrolls of fog {unknown}
 r - a scroll of random uselessness {unknown}
 s - a scroll of remove curse
Potions
 c - a potion of stabbing
 h - a potion of flight {unknown}
 i - 2 potions of lignification
 k - a potion of invisibility {unknown}
 l - a potion of cancellation {unknown}
 m - 2 potions of mutation {unknown}
 n - 2 potions of curing
 o - a potion of berserk rage {unknown}


   Skills:
 + Level 0.9 Fighting
 + Level 3.0 Short Blades
 + Level 2.8 Dodging
 + Level 6.9 Stealth
 + Level 3.0 Spellcasting
 + Level 6.0 Hexes


You had 5 spell levels left.
You knew the following spells:

 Your Spells              Type           Power        Failure   Level  Hunger
a - Corona                Hex            ###....      1%          1    N/A
b - Confusing Touch       Hex            ###.....     4%          3    N/A
c - Ensorcelled Hibernat  Hex/Ice        ##....       8%          2    N/A

Your spell library contained the following spells:

 Spells                   Type           Power        Failure   Level  Hunger
 Tukima's Dance           Hex            ###.....     4%          3    N/A
 Dazzling Flash           Conj/Hex       ##....       16%         3    N/A

Dungeon Overview and Level Annotations

Branches:
Dungeon (4/15)
 Temple: D:4-7

Altars:
Hepliaklqana

Annotations:
D:1 1 exclusion
D:2 1 exclusion


Innate Abilities, Weirdness & Mutations

You do not eat.
You do not regenerate when monsters are visible.
You are frail without blood (-20% HP).
You can heal yourself when you bite living creatures.
You are immune to poison.
You have razor-sharp teeth.
You have supernaturally acute eyesight. (SInv)
You can survive without breathing.


Message History

Your magical contamination has completely faded away.
Unknown command.
You barely miss the orc. You bite the orc.
You draw the orc's blood!
You feel better.
The orc is moderately wounded.
The orc closely misses you.
Unknown command.
You barely miss the orc.
The orc is moderately wounded.
The orc barely misses you.
Unknown command.
You hit the orc.
The orc is heavily wounded.
The orc hits you with a +0 short sword.
* * * LOW HITPOINT WARNING * * *
Unknown command.
You hit the orc.
The orc is almost dead.
The orc hits you with a +0 short sword!
You die...

.............................>.#
........##..###.........†......#
...########.##########.###))...#
...# #............ .....+.....#
...####.####.#..######.###.....##
...#..#.#.....<.... ......##....
[..#..#.##.#..##.#####+##.#######
...#.....#.......................
...##.#..#..#.##@###.........###.
......#..# #.##o# #.........#...
...####..# #.##.# #.........##.#
.........# #..#.# #.........##..
...####.######.#.###.#'#####.####
.######...........##.#)# #.....
.# #.......†##....##.#.##########
.. ...........†...##.#........ #
#........###...##.#........


You could see an orc.

Vanquished Creatures
  An ogre (D:4)
  A hound (D:4)
  2 orc wizards (D:4)
  A hound skeleton (D:4)
  4 adders
  An ooze (D:3)
  A worm (D:3)
  8 dart slugs
  A leopard gecko (D:1)
  7 orcs
  A ball python (D:3)
  5 giant cockroaches
  4 goblins
  8 hobgoblins
  4 jackals (D:3)
  2 bats (D:3)
  7 frilled lizards
  5 kobolds
  13 rats
76 creatures vanquished.

Notes
Turn   | Place    | Note
-------+----------+-------------------------------------------
     0 | D:1      | protoss039 the Vampire Enchanter began the quest for the
                  | Orb.
     0 | D:1      | Reached XP level 1. HP: 13/13 MP: 3/3
   291 | D:1      | Reached skill level 5 in Hexes
   291 | D:1      | Reached XP level 2. HP: 12/19 MP: 3/5
   406 | D:1      | Reached skill level 5 in Stealth
   973 | D:2      | Reached XP level 3. HP: 9/24 MP: 4/6
  1101 | D:2      | Learned a level 3 spell: Confusing Touch
  1104 | D:2      | Learned a level 2 spell: Ensorcelled Hibernation
  1470 | D:2      | Found a hazy altar of Hepliaklqana.
  2070 | D:3      | Reached XP level 4. HP: 24/24 MP: 3/7
  3170 | D:4      | Noticed an ogre
  3186 | D:4      | Killed an ogre
  3186 | D:4      | Reached XP level 5. HP: 10/28 MP: 5/9
  3729 | D:4      | Reached XP level 6. HP: 33/33 MP: 6/10
  3760 | D:4      | HP: 1/33 [orc wizard/puff of flame (9)]
  3805 | D:4      | Slain by an orc

Illustrated notes

Levels and vault maps discovered:
D:1:      minmay_arrival_nine_rooms, layout_loops_ring,
          corexii_leaking_fountain, minmay_misc_feat_tiny
D:2:      layout_basic, lemuel_crystal_altar, first_ration,
          minmay_misc_feat_pillars, chequers_serial_rivers_micro_e,
          minmay_diced_spiral
D:3:      kennysheep_slugbush, layout_basic
D:4:      layout_basic, minmay_temple_entry_stoned_glass

Skill      XL: |  1  2  3  4  5  6 |
---------------+-------------------+-----
Hexes          | 5 6 |  6.0
Stealth        | 5 6 |  6.9
Short Blades   | 2 3 |  3.0
Spellcasting   | 3 |  3.0
Fighting       | |  0.9
Dodging        | |  2.8

Action                   |  1- 3 |  4- 6 || total
-------------------------+-------+-------++-------
Melee: Dagger            |   120 |   137 ||   257
       Bite              |     7 |    13 ||    20
 Cast: Corona            |    26 |    28 ||    54
       Ensorcelled Hiber |     5 |    23 ||    28
 Abil: Exsanguinate      |     1 |       ||     1
  Use: Scroll            |       |     6 ||     6
       Potion            |       |     6 ||     6
 Stab: Sleeping          |    12 |    24 ||    36
Armor: Robe              |    12 |    18 ||    30
Dodge: Dodged            |    67 |    94 ||   161
